 Dungeon Crawl Stone Soup version 0.31-a0-564-g3b7de120b3 (webtiles) character file.

Game seed: 6435458134872585782

2061 Fodor the Chopper (level 9, -11/75 HPs)
             Began as a Minotaur Fighter on Aug 16, 2023.
             Was an Elder of Trog.
             Shot with a sling bullet by Joseph (15 damage)
             ... on level 9 of the Dungeon on Aug 17, 2023.
             The game lasted 00:32:25 (4938 turns).

Fodor the Chopper (Minotaur Fighter)                Turns: 4938, Time: 00:32:25

Health: -11/75     AC: 13    Str: 26    XL:     9   Next: 5%
Magic:  8/8        EV: 14    Int:  5    God:    Trog [****..]
Gold:   285        SH:  0    Dex:  9    Spells: 8/8 levels left

rFire   . . .        d - +4 battleaxe
rCold   . . .        (shield currently unavailable)
rNeg    . . .        b - +0 chain mail
rPois   .            (helmet restricted)
rElec   .            k - +0 cloak
rCorr   .            l - +0 pair of gloves
SInv    .            (no boots)
Will    .....        (no amulet) Stlth
                     e - +5 ring of evasion
HPRegen 0.32/turn    (no ring)
MPRegen 0.11/turn

%: no passive effects
@: no status effects
A: horns 2, retaliatory headbutt
a: Renounce Religion, Berserk, Trog's Hand, Brothers in Arms


You were on level 9 of the Dungeon.
You worshipped Trog.
Trog was greatly pleased with you.
You visited 1 branch of the dungeon, and saw 7 of its levels.

You collected 383 gold pieces.
You spent 98 gold pieces at shops.

Inventory:

Hand Weapons
 a - a +0 long sword
 d - a +4 battleaxe (weapon)
 t - a +0 sling of draining
 v - a +1 hand axe of draining
 w - a +0 great sword
Missiles
 n - 11 poisoned darts (quivered)
Armour
 b - a +0 chain mail (worn)
 c - a +0 buckler
 k - a +0 cloak (worn)
 l - a +0 pair of gloves (worn)
Jewellery
 e - a +5 ring of evasion (left hand)
Talismans
 y - a dragon-blood talisman
Scrolls
 f - a scroll of immolation
 h - 2 scrolls of amnesia {unknown}
 j - 2 scrolls of noise {unknown}
 o - 6 scrolls of teleportation
 p - 5 scrolls of enchant armour {unknown}
 q - 3 scrolls of blinking
 r - a scroll of brand weapon
 s - a scroll of vulnerability
 x - a scroll of torment {unknown}
 A - a scroll of identify
Potions
 g - a potion of berserk rage {unknown}
 m - 2 potions of haste
 u - a potion of lignification
 z - a potion of brilliance {unknown}


   Skills:
 + Level 6.1 Fighting
 + Level 6.3 Long Blades
 + Level 7.6 Axes
 + Level 7.4 Armour
 + Level 2.6 Dodging
 + Level 1.2 Stealth
 + Level 6.2 Shields


You had 8 spell levels left.
You didn't know any spells.
Your spell library contained the following spells:

 Spells                   Type           Power      Damage    Failure   Level
 Sandblast                Erth           0%         2d4       92%         1
 Passwall                 Tmut/Erth      0%         N/A       98%         2
 Stone Arrow              Conj/Erth      0%         3d7       100%        3
 Tukima's Dance           Hex            0%         N/A       100%        3
 Passage of Golubria      Tloc           0%         N/A       100%        4
 Yara's Violent Unravell  Hex/Tmut       0%         3d3       100%        5


Dungeon Overview and Level Annotations

Branches:
Dungeon (6/15)
 Temple: D:4-7

Altars:
Trog
Vehumet

Shops:
D:1 *   D:3 ?   D:4 :

Portals:
Sewer: D:6

Annotations:
D:9 Joseph


Innate Abilities, Weirdness & Mutations

You have a pair of horns on your head.
You reflexively headbutt those who attack you in melee.


Message History

You finish taking off your +0 buckler.
d - a +4 battleaxe (weapon)
You start resting.
Erolcha the Cunning opens the door.
She is wielding a +0 giant club.
Erolcha shouts!
You hear a shout!
Found a stone staircase leading up.
Erolcha hits you with a +0 giant club!! Erolcha hits you but does no damage.
You closely miss Erolcha. Erolcha hits you with a +0 giant club!!
* * * LOW HITPOINT WARNING * * *
You hit Erolcha.
Erolcha is lightly wounded.
Erolcha closely misses you. You furiously retaliate!
You headbutt Erolcha! You slash Erolcha! You headbutt Erolcha!
Erolcha is severely wounded.
Erolcha closely misses you. You furiously retaliate!
You headbutt Erolcha! You slash Erolcha!
You kill Erolcha!
Trog accepts your kill.
Trog appreciates your killing of a magic user.
Joseph, a Mercenary comes into view.
He is wielding a +0 quarterstaff and carrying a wand of flame.
Your Fighting skill increases to level 6!
Your Axes skill increases to level 7!
Your Armour skill increases to level 7!
Your Shields skill increases to level 6!
You have reached level 9!
Your experience leads to an increase in your attributes!
Increase (S)trength, (I)ntelligence, or (D)exterity?
You feel stronger. x2
Joseph unwields a +0 quarterstaff.
Joseph wields a +0 sling.
Joseph shoots a sling bullet.
The sling bullet misses you.
Joseph shoots a sling bullet.
The sling bullet barely misses you.
There is an open door, spattered with blood here.
Things that are here:
a +4 long sword; a +1 robe of willpower Joseph shoots a sling bullet.
The sling bullet misses you.
You see here a killer bee corpse.
Joseph shoots a sling bullet.
The sling bullet hits you!
* * * LOW HITPOINT WARNING * * *
Joseph shoots a sling bullet.
The sling bullet hits you!
You die...

.....# #.#
.....######.#
............#
.....†.@..@.#######
##+###)#####......#
#...[)....#...#..#
#.........#......+
#.........#......#
#.......@.#....@.#
######....#............
#....'............
#......#........####
#.<....#.####...#
#......#.# ....
#......#. .####
#......# .# #......#


You could see Joseph.

Vanquished Creatures
  Erolcha (D:9)
  A wraith (D:9)
  Menkaure (D:5)
  An ogre (D:5)
  2 phantoms (D:5)
  3 wights (D:9)
  6 killer bees (D:9)
  3 hounds
  2 orc priests (D:5)
  A jelly (D:4)
  2 iguanas
  An orc wizard (D:5)
  7 gnolls
  5 adders
  A white imp (D:5)
  An ufetubus (D:5)
  6 worms
  3 dart slugs
  14 orcs
  5 ball pythons
  5 bats
  7 endoplasms
  2 giant cockroaches (D:2)
  22 goblins
  14 hobgoblins
  6 jackals
  5 quokkas
  5 frilled lizards
  6 kobolds
  10 rats
148 creatures vanquished.

Notes
Turn   | Place    | Note
-------+----------+-------------------------------------------
     0 | D:1      | Fodor the Minotaur Fighter began the quest for the Orb.
     0 | D:1      | Reached XP level 1. HP: 19/19 MP: 0/0
   104 | D:1      | Found Jear's General Store.
   127 | D:1      | Reached XP level 2. HP: 27/27 MP: 1/1
   252 | D:1      | Found a faded altar of an unknown god.
   495 | D:1      | Reached XP level 3. HP: 32/33 MP: 2/2
   528 | D:1      | Prayed at the altar of an unknown god.
   528 | D:1      | Became a worshipper of Trog the Wrathful
   528 | D:1      | Reached * piety under Trog
   658 | D:2      | Found a radiant altar of Vehumet.
   905 | D:2      | Reached XP level 4. HP: 40/40 MP: 3/3
  1039 | D:2      | Reached ** piety under Trog
  1731 | D:3      | Found Oproesha's Magic Scroll Emporium.
  1742 | D:3      | Bought a scroll of identify for 28 gold pieces
  1742 | D:3      | Bought a scroll of identify for 28 gold pieces
  1742 | D:3      | Bought a scroll of teleportation for 42 gold pieces
  1827 | D:3      | Reached XP level 5. HP: 47/47 MP: 4/4
  2619 | D:4      | Upgraded the game from 0.31-a0-557-g6e16503903 to
                  | 0.31-a0-564-g3b7de120b3
  2889 | D:4      | Reached skill level 5 in Armour
  3016 | D:4      | Found a bloodstained altar of Trog.
  3050 | D:4      | Found Wysunouz's Book Emporium.
  3127 | D:4      | Reached *** piety under Trog
  3128 | D:4      | Reached skill level 5 in Long Blades
  3128 | D:4      | Reached XP level 6. HP: 53/53 MP: 5/5
  3457 | D:5      | Entered Level 5 of the Dungeon
  3703 | D:5      | Reached skill level 1 in Dodging
  3704 | D:5      | Reached skill level 1 in Axes
  3777 | D:5      | Noticed Menkaure
  3786 | D:5      | Killed Menkaure
  3787 | D:5      | Reached skill level 5 in Fighting
  3787 | D:5      | Reached XP level 7. HP: 30/61 MP: 6/6
  3950 | D:5      | Reached skill level 5 in Shields
  4674 | D:6      | Found a glowing drain.
  4675 | D:6      | You fall into a shaft and drop 3 floors!
  4677 | D:9      | Noticed a wraith
  4693 | D:9      | Killed a wraith
  4694 | D:9      | Reached XP level 8. HP: 59/68 MP: 7/7
  4730 | D:9      | Reached **** piety under Trog
  4732 | D:9      | Reached skill level 5 in Axes
  4752 | D:9      | Reached skill level 1 in Stealth
  4913 | D:9      | Noticed Erolcha
  4922 | D:9      | Killed Erolcha
  4922 | D:9      | Noticed Joseph
  4923 | D:9      | Reached XP level 9. HP: 7/75 MP: 8/8
  4934 | D:9      | HP: 3/75 [Joseph/sling bullet (8)]
  4938 | D:9      | Shot with a sling bullet by Joseph

Illustrated notes

Levels and vault maps discovered:
D:1:      pf_arrival_petrified_forest, layout_rooms,
          hellmonk_ecumenical_altar_heavens_door, serial_shops,
          nicolae_shop_tiny_real_fake_doors, hangedman_decor_riveting,
          chequers_serial_rivers_micro_d, minmay_circled_x
D:2:      layout_loops_ring, basic_altar, amethyst_killhole
D:3:      cheibrodos_greedy_goblins, layout_basic, serial_shops,
          nicolae_shop_waterfront, minivault_25
D:4:      wander_river, layout_basic, trog_butcher_becter, serial_glass,
          glass_columns_b, glass_columns_a, glass_columns_b, glass_columns_a,
          glass_columns_a, glass_columns_b, glass_columns_c, glass_columns_b,
          glass_columns_b, glass_columns_c, glass_columns_b, glass_columns_a,
          glass_columns_a, glass_columns_b, roderic_nine_men_s_morris,
          kennysheep_windowed_goal
D:5:      layout_loops_corners, chequers_serial_rivers_micro_a,
          minmay_ogre_servants, uniq_menkaure
D:6:      layout_cave_pools, minitemple, cheibrodos_sewer_entry_bend,
          uniq_crazy_yiuf_cottage, uniq_jeremiah, uniq_sigmund
D:9:      layout_stronghold, uniq_joseph, uniq_erolcha

Skill      XL: |  1  2  3  4  5  6  7  8 |
---------------+-------------------------+-----
Shields        | 4 5 6 |  6.2
Armour         | 4 5 6 7 |  7.4
Fighting       | 4 5 6 |  6.1
Long Blades    | 3 4 5 6 |  6.3
Dodging        | 1 2 |  2.6
Axes           | 2 4 7 |  7.6
Stealth        | 1 |  1.2

Action                     |  1- 3 |  4- 6 |  7- 9 || total
---------------------------+-------+-------+-------++-------
  Melee: Long sword        |    77 |   149 |       ||   226
         Headbutt          |    10 |    21 |    17 ||    48
         Hand axe          |       |    29 |    68 ||    97
         Battleaxe         |       |       |     4 ||     4
  Throw: Dart              |     2 |       |       ||     2
    Use: Scroll            |       |     4 |       ||     4
         Potion            |       |       |     4 ||     4
 Armour: Chain mail        |    42 |    82 |    29 ||   153
         Skin              |       |       |     7 ||     7
  Dodge: Dodged            |    58 |   156 |    70 ||   284
  Block: Buckler           |    20 |    44 |    20 ||    84

Table legend: (Time is in decaauts)
 A = Elapsed time spent in this place.
 B = Non-inter-level travel time spent in this place.
 C = Inter-level travel time spent in this place.
 D = Time resting spent in this place.
 E = Time spent auto-exploring this place.
 F = Levels seen in this place.
 G = Mean time per level.
                   A        B        C        D        E       F      G
               +--------+--------+--------+--------+--------+-----+--------+
         Total |   5030 |   4851 |    179 |    434 |      0 |   7 |  718.6 |
       Dungeon |   5030 |   4851 |    179 |    434 |      0 |   7 |  718.6 |
               +--------+--------+--------+--------+--------+-----+--------+

Top non-repeatable levels by time:
     D:5: 1180 daAuts
     D:3: 1167 daAuts
     D:4: 1008 daAuts
     D:2: 800 daAuts
     D:1: 547 daAuts
     D:9: 271 daAuts
     D:6: 54 daAuts
